 Dungeon Crawl Stone Soup version 0.32-a0-685-g93135e86f0 (webtiles) character file.

Game seed: 2766238272355009833

259 IdlyInterested the Slasher (level 5, -4/38 HPs)
             Began as a Demonspawn Gladiator on Mar 12, 2024.
             Slain by a gnoll
             ... wielding a +0 club
             ... led by a gnoll bouda
              (5 damage)
             ... on level 4 of the Dungeon.
             The game lasted 00:09:03 (2523 turns).

IdlyInterested the Slasher (Demonspawn Gladiator)   Turns: 2523, Time: 00:09:03

Health: -4/38      AC:  9    Str: 14    XL:     5   Next: 95%
Magic:  5/5        EV: 11    Int:  8    God:
Gold:   152        SH:  4    Dex: 17    Spells: 4/4 levels left

rFire   . . .        w - +3 short sword (venom)
rCold   + . .        (no shield)
rNeg    . . .        n - +0 ring mail
rPois   .            c - +0 helmet
rElec   .            (no cloak)
rCorr   .            D - +0 pair of gloves
SInv    +            (no boots)
Will    .....        (no amulet)
Stlth   +            h - ring of see invisible
HPRegen 0.26/turn    l - ring of protection from cold
MPRegen 0.09/turn

%: no passive effects
@: weakened
A: thin metallic scales 1, powered by pain 1, condensation shield
a: no special abilities


You were on level 4 of the Dungeon.
You visited 1 branch of the dungeon, and saw 4 of its levels.

You collected 152 gold pieces.

Inventory:

Hand Weapons
 a - a +0 long sword
 k - a +0 short sword
 w - a +3 short sword of venom (weapon)
 y - a +0 trident
Missiles
 d - 3 throwing nets
 e - a javelin
 i - 28 stones (quivered)
 j - 9 poisoned darts
 C - 2 boomerangs
Armour
 b - a +0 leather armour
 c - a +0 helmet (worn)
 n - a +0 ring mail (worn)
 v - a +0 chain mail
 D - a +0 pair of gloves (worn)
Jewellery
 h - a ring of see invisible (left hand)
 l - a ring of protection from cold (right hand)
Scrolls
 f - a scroll of butterflies {unknown}
 g - 2 scrolls of teleportation
 o - 2 scrolls of enchant weapon
 s - a scroll of fog
 u - a scroll of amnesia
 A - a scroll of immolation
Potions
 m - a potion of enlightenment {unknown}
 p - a potion of might {unknown}
 q - a potion of berserk rage {unknown}
 r - a potion of curing {unknown}
 x - a potion of ambrosia {unknown}
 z - 2 potions of heal wounds
 B - a potion of brilliance


   Skills:
 - Level 2.0 Fighting
 * Level 5.3 Long Blades
 - Level 2.0 Throwing
 - Level 1.0 Armour
 - Level 3.0 Dodging
 + Level 1.4 Stealth
 - Level 1.0 Unarmed Combat


You had 4 spell levels left.
You didn't know any spells.
Your spell library contained the following spells:

 Spells                   Type           Power      Damage    Failure   Level
 Blink                    Tloc           0%         N/A       80%         2
 Lesser Beckoning         Tloc           0%         N/A       80%         2
 Momentum Strike          Conj/Tloc      0%         3d8       80%         2
 Fugue of the Fallen      Necr           0%         N/A       95%         3
 Ozocubu's Armour         Ice            0%         N/A       95%         3
 Animate Dead             Necr           0%         N/A       100%        4
 Manifold Assault         Tloc           0%         N/A       100%        4
 Borgnjor's Vile Clutch   Necr/Erth      0%         N/A       100%        5
 Death Channel            Necr           0%         N/A       100%        6


Dungeon Overview and Level Annotations

Branches:
Dungeon (4/15)
 Temple: D:4-7

Altars:


Innate Abilities, Weirdness & Mutations

You are partially covered in thin metallic scales. (AC +2)
You sometimes gain a little power by taking damage.
A meltable shield of frost defends you. (SH +4)


Message History

You closely miss the gnoll.
The gnoll hits you but does no damage. x2
You hit the gnoll.
The gnoll is poisoned.
The gnoll is heavily wounded.
The gnoll hits you but does no damage. The gnoll hits you with a +0 whip.
You hit the gnoll.
The gnoll looks as sick as possible!
The gnoll is heavily wounded.
The gnoll hits you from afar with a +0 halberd!
You hit the gnoll.
The gnoll is almost dead.
The gnoll barely misses you. The gnoll misses you.
You hit the gnoll.
You kill the gnoll!
The gnoll barely misses you.
The gnoll bouda gazes fiercely through you!
You feel your attacks grow feeble. The gnoll closely misses you.
You hit the gnoll but do no damage.
The gnoll looks as sick as possible!
The gnoll is severely wounded.
You block the gnoll's attack. The gnoll misses you.
The gnoll bouda gazes fiercely through you!
You feel as though you will be weak longer.
The gnoll hits you with a +0 whip.
You hit the gnoll.
You kill the gnoll!
The gnoll hits you from afar with a +0 halberd!
The gnoll bouda barks out a call to the hunt!
The gnolls pick up the pace!
The gnoll hits you with a +0 halberd. You block the gnoll bouda's attack.
You see here a +0 whip.
You hit the gnoll.
The gnoll is poisoned.
The gnoll is moderately wounded.
You block the gnoll's attack. The gnoll closely misses you.
The gnoll hits you with a +0 halberd!
* * * LOW HITPOINT WARNING * * *
The gnoll bouda hits you with a +0 whip.
* * * LOW HITPOINT WARNING * * *
You hit the gnoll.
The gnoll looks as sick as possible!
The gnoll is heavily wounded.
The gnoll hits you with a +0 club.
You die...

... #...... ##.#
..$... #.... #...g
^...##... ......
##..###### ##
#......#.####.##..
........#gg...#.......
♣.....###@............
♣..#..
#.gg............ ♣. #.
#...#...........# ♣
......##...........##
...##.###............#
... ####.............
.[ .#............... #
. .......#.....#.#..#
......####.....##.##


You could see a gnoll bouda and 3 gnolls.

Vanquished Creatures
  A black bear (D:4)
  Jessica (D:2)
  A sleepcap (D:4)
  4 adders
  2 gnolls (D:4)
  2 dart slugs
  A ribbon worm (D:2)
  3 orcs (D:3)
  5 endoplasms
  3 giant cockroaches
  3 goblins (D:2)
  2 hobgoblins
  3 jackals (D:1)
  2 quokkas
  8 ball pythons
  6 bats
  5 frilled lizards
  5 kobolds
  4 rats
61 creatures vanquished.

Notes
Turn   | Place    | Note
-------+----------+-------------------------------------------
     0 | D:1      | IdlyInterested the Demonspawn Gladiator began the quest for
                  | the Orb.
     0 | D:1      | Reached XP level 1. HP: 16/16 MP: 1/1
   280 | D:1      | Reached skill level 3 in Long Blades
   418 | D:1      | Gained mutation: A meltable shield of frost defends you.
                  | (SH +4) [demonic ancestry]
   418 | D:1      | Reached XP level 2. HP: 22/22 MP: 2/2
   418 | D:1      | Found a faded altar of an unknown god.
   968 | D:2      | Gained mutation: You are partially covered in thin metallic
                  | scales. (AC +2) [demonic ancestry]
   968 | D:2      | Reached XP level 3. HP: 27/27 MP: 3/3
  1069 | D:2      | Noticed Jessica
  1078 | D:2      | Killed Jessica
  1079 | D:2      | Reached skill level 4 in Long Blades
  1079 | D:2      | Reached skill level 1 in Stealth
  1087 | D:2      | Reached XP level 4. HP: 17/33 MP: 4/4
  2329 | D:4      | Reached skill level 1 in Unarmed Combat
  2374 | D:4      | Noticed a black bear
  2386 | D:4      | Killed a black bear
  2387 | D:4      | Reached skill level 5 in Long Blades
  2387 | D:4      | Reached skill level 1 in Armour
  2387 | D:4      | Gained mutation: You sometimes gain a little power by
                  | taking damage. [demonic ancestry]
  2387 | D:4      | Reached XP level 5. HP: 29/38 MP: 5/5
  2522 | D:4      | HP: 1/38 [gnoll bouda/+0 whip (2)]
  2523 | D:4      | Slain by a gnoll

Illustrated notes

Levels and vault maps discovered:
D:1:      lightli_arrival_chessboard, layout_basic,
          shapermc_ecumenical_altar_notcrosses, interstate_on_off
D:2:      layout_loops_cross, st_stairs_8, uniq_jessica
D:3:      layout_rooms, nicolae_overflow_hidden_temple, supply_closet_lemuel,
          minmay_puff
D:4:      layout_cave_pools, mainiacjoe_overflow_paths, grunt_ministairs_4,
          uniq_eustachio

Skill      XL: |  1  2  3  4 |
---------------+-------------+-----
Long Blades    | 3 4 5 |  5.3
Throwing       | 2 |  2.0
Dodging        | 3 |  3.0
Stealth        | 1 |  1.4
Unarmed Combat | 1 |  1.0
Armour         | 1 |  1.0
Fighting       | |  2.0

Action                     |  1- 3 |  4- 6 || total
---------------------------+-------+-------++-------
  Melee: Long sword        |    97 |    27 ||   124
         Short sword       |       |    81 ||    81
  Throw: Stone             |       |    10 ||    10
    Use: Scroll            |     1 |     4 ||     5
         Potion            |       |     2 ||     2
   Stab: Sleeping          |       |     1 ||     1
 Armour: Leather armour    |    56 |       ||    56
         Ring mail         |    19 |    63 ||    82
  Dodge: Dodged            |    87 |    57 ||   144
  Block: Other             |    13 |    23 ||    36

Table legend: (Time is in decaauts)
 A = Elapsed time spent in this place.
 B = Non-inter-level travel time spent in this place.
 C = Inter-level travel time spent in this place.
 D = Time resting spent in this place.
 E = Time spent auto-exploring this place.
 F = Levels seen in this place.
 G = Mean time per level.
                   A        B        C        D        E       F      G
               +--------+--------+--------+--------+--------+-----+--------+
         Total |   2538 |   2209 |    329 |    205 |   1379 |   4 |  634.5 |
       Dungeon |   2538 |   2209 |    329 |    205 |   1379 |   4 |  634.5 |
               +--------+--------+--------+--------+--------+-----+--------+

Top non-repeatable levels by time:
     D:1: 946 daAuts
     D:2: 773 daAuts
     D:3: 563 daAuts
     D:4: 255 daAuts
